 Dungeon Crawl Stone Soup version 0.29.0-5-ge4962eb29e (webtiles) character file.

Game seed: 14954534649378141047

4323 Arcadio the Fighter (level 10, -11/94 HPs)
             Began as a Minotaur Berserker on Aug 28, 2022.
             Was an Elder of Trog.
             Mangled by a spriggan
             ... wielding a +0 spear
              (15 damage)
             ... in a bailey.
             The game lasted 00:20:26 (5287 turns).

Arcadio the Fighter (Minotaur Berserker)            Turns: 5287, Time: 00:20:27

Health: -11/94     AC: 11    Str: 25    XL:     10   Next: 11%
Magic:  9/9        EV: 10    Int:  4    God:    Trog [****..]
Gold:   1522       SH:  4    Dex: 11    Spells: 9/9 levels left

rFire   . . .      SeeInvis .   m - +2 spear (venom)
rCold   . . .      Faith    .   H - +1 buckler
rNeg    . . .      Spirit   .   n - +0 scale mail of Kleptomania {Fly rF- Regen+ Slay+5}
rPois   .          Reflect  .   (helmet restricted)
rElec   .          Harm     .   (no cloak)
rCorr   .          Rampage  .   G - +0 pair of gloves
Will    +++..                   D - +0 pair of boots
Stlth   ..........              t - amulet of magic regeneration
HPRegen 2.05/turn               o - ring of protection from fire
MPRegen 0.51/turn               y - ring of willpower

@: strong-willed, flying, regenerating
A: horns 2, retaliatory headbutt
a: Renounce Religion, Berserk, Trog's Hand, Brothers in Arms


You were in a bailey.
You worshipped Trog.
Trog was greatly pleased with you.
You visited 2 branches of the dungeon, and saw 9 of its levels.
You also visited: Bailey.

You collected 1552 gold pieces.
You spent 30 gold pieces at shops.

Inventory:

Hand Weapons
 a - a +0 hand axe
 j - a +5 dire flail of venom
 m - a +2 spear of venom (weapon)
 q - a +1 dire flail of draining
Missiles
 C - 3 throwing nets (quivered)
Armour
 b - a +0 animal skin
 i - a +0 leather armour
 k - a +0 chain mail
 n - the +0 scale mail of Kleptomania (worn) {Fly rF- Regen+ Slay+5}
   (You found it on level 4 of the Dungeon)

   Slay:      It affects your accuracy & damage with ranged weapons and melee
   (+5).
   rF:        It makes you vulnerable to fire.
   Fly:       It grants you flight.
   Regen:     It increases your rate of health regeneration.
 D - a +0 pair of boots (worn)
 G - a +0 pair of gloves (worn)
 H - a +1 buckler (worn)
Jewellery
 o - a ring of protection from fire (left hand)
 s - a ring of ice
 t - an amulet of magic regeneration (around neck)
 y - a ring of willpower (right hand)
Wands
 v - a wand of charming (6)
 E - a wand of iceblast (7)
Scrolls
 d - a scroll of vulnerability {unknown}
 g - a scroll of poison
 r - 2 scrolls of teleportation
 w - a scroll of brand weapon
 x - a scroll of summoning
Potions
 c - a potion of might
 e - a potion of lignification {unknown}
 f - 6 potions of curing
 h - a potion of ambrosia {unknown}
 l - 2 potions of attraction
 p - 4 potions of flight
 u - a potion of brilliance {unknown}
 A - 2 potions of invisibility
 I - a potion of heal wounds {unknown}


   Skills:
 + Level 10.8 Fighting
 - Level 4.4(7.6) Axes
 + Level 9.7(10.1) Polearms
 + Level 10.4 Armour
 - Level 2.6 Dodging


You had 9 spell levels left.
You didn't know any spells.
Your spell library was empty.

Dungeon Overview and Level Annotations

Branches:
Dungeon (8/15) Zot: 26352  Temple (1/1) D:7 Zot: 5789  Bailey (1/1) Zot: 5932
   Lair: D:8-11

Altars:
Ashenzari
Cheibriados
Dithmenos
Elyvilon
Fedhas
Gozag
Hepliaklqana
Kikubaaqudgha
Nemelex Xobeh
Okawaru
Qazlal
Ru
Sif Muna
Trog
Uskayaw
Vehumet
Wu Jian
Xom
Yredelemnul
Zin

Shops:
D:5 !   D:7 [


Innate Abilities, Weirdness & Mutations

You have a pair of horns on your head.
You reflexively headbutt those who attack you in melee.


Message History

You reach to attack!
You puncture the spriggan!
You kill the spriggan!
Trog accepts your kill.
You hear a splash.
A spriggan comes into view. It is wielding a +0 trident.
Reach: m) +2 spear (venom)
Press: ? - help, Dir - move target, f - ogre
Aim: an ogre, wielding a +0 halberd (about 17% to evade your +2 spear of venom)
You reach to attack!
You puncture the ogre!
The ogre is poisoned.
The ogre is moderately wounded.
Unknown command.
Reach: m) +2 spear (venom)
Press: ? - help, Dir - move target, f/p - ogre
Aim: an ogre, wielding a +0 halberd (moderately wounded, very poisoned, about 17% to evade your +2 spear of venom)
You reach to attack!
You hit the ogre.
The ogre looks as sick as possible!
The ogre is moderately wounded.
The ogre hits you from afar with a +0 halberd!
The spriggan hits you but does no damage.
The spriggan barely misses you. The spriggan closely misses you.
The spriggan hits you from afar with a +0 trident!
The spriggan hits you from afar with a +0 spear!
* * * LOW HITPOINT WARNING * * *
Things that are here:
a +0 glaive; an ogre corpse You kill the ogre!
Trog accepts your kill.
The spriggan hits you from afar with a +0 trident!
* * * LOW HITPOINT WARNING * * *
Things that are here:
a +0 trident; a spriggan corpse Your skin crawls.
You feel strong-willed.
The spriggan hits you from afar with a +0 spear.
* * * LOW HITPOINT WARNING * * *
The spriggan hits you from afar with a +0 trident!
* * * LOW HITPOINT WARNING * * *
You fail to use your ability.
The spriggan hits you from afar with a +0 spear!
You die...

##.........##
###~~~~~###
#~~~~~#
##~~~~~##
#.......##
#.........##
..###♣♣#♣..##
.# ##..##
##@.## ##).#
#ii# #i.#
♣..# #..#
#..# ##).#
♣#..##


You could see 3 spriggans.

Vanquished Creatures
  A hornet (D:8)
  3 spriggans (Bailey)
  A wyvern (D:8)
  Eustachio (D:4)
  Edmund (D:4)
  2 steam dragons
  2 water moccasins
  A sky beast (D:6)
  2 ice beasts
  An orc warrior (D:6)
  A centaur (D:7)
  4 ogres
  2 phantoms
  A kobold brigand (D:6)
  2 bullfrogs (D:8)
  2 necrophages (D:6)
  5 wights (D:8)
  6 scorpions
  3 killer bees (D:8)
  2 electric eels (D:7)
  2 jellies
  4 orc priests
  2 hounds
  7 iguanas
  4 orc wizards
  Natasha (D:4)
  A mummy (D:8)
  4 gnolls (D:2)
  8 adders
  A white imp (D:8)
  2 ufetubi
  2 worms
  3 dart slugs
  15 orcs
  6 endoplasms
  2 giant cockroaches
  6 goblins
  6 hobgoblins
  5 kobolds
  2 quokkas (D:4)
  5 ball pythons
  2 bats (D:1)
  3 frilled lizards
  2 rats
138 creatures vanquished.

Vanquished Creatures (others)
  A kobold (D:6)
  11 plants (D:2)
12 creatures vanquished.

Grand Total: 150 creatures vanquished

Notes
Turn   | Place    | Note
-------+----------+-------------------------------------------
     0 | D:1      | Arcadio the Minotaur Berserker began the quest for the Orb.
     0 | D:1      | Reached XP level 1. HP: 19/19 MP: 0/0
   432 | D:1      | Reached XP level 2. HP: 21/27 MP: 1/1
  1023 | D:2      | Reached XP level 3. HP: 25/33 MP: 2/2
  1425 | D:2      | Reached XP level 4. HP: 41/41 MP: 3/3
  1941 | D:3      | Reached skill level 1 in Polearms
  1964 | D:5      | Entered Level 5 of the Dungeon
  1964 | D:5      | Noticed a scorpion
  1980 | D:4      | Reached ** piety under Trog
  2033 | D:4      | Noticed a scorpion
  2044 | D:4      | Killed a scorpion
  2045 | D:4      | Reached skill level 5 in Fighting
  2045 | D:4      | Reached XP level 5. HP: 48/48 MP: 4/4
  2090 | D:4      | Identified the +0 scale mail of Kleptomania {Fly rF- Regen+
                  | Slay+5}
  2127 | D:4      | Noticed Natasha
  2131 | D:4      | Killed Natasha
  2132 | D:4      | Reached XP level 6. HP: 56/56 MP: 5/5
  2222 | D:4      | Noticed Edmund
  2230 | D:4      | Killed Edmund
  2231 | D:4      | Reached skill level 5 in Armour
  2411 | D:4      | Noticed Eustachio
  2423 | D:4      | Killed Eustachio
  2424 | D:4      | Reached XP level 7. HP: 63/63 MP: 6/6
  2518 | D:4      | Found a bloodstained altar of Trog.
  2717 | D:5      | Found Xanuibb's Distillery.
  2733 | D:5      | Reached skill level 5 in Polearms
  2738 | D:5      | Bought a potion of curing for 30 gold pieces
  2774 | D:5      | Reached XP level 8. HP: 51/73 MP: 7/7
  3164 | D:6      | Reached *** piety under Trog
  3312 | D:6      | Reached XP level 9. HP: 82/82 MP: 8/8
  3751 | D:7      | Found an opulent altar of Gozag.
  3790 | D:7      | Found a radiant altar of Vehumet.
  3996 | D:7      | Found Hiagusch's Armour Shoppe.
  4155 | D:7      | Found a staircase to the Ecumenical Temple.
  4219 | Temple   | Entered the Ecumenical Temple
  4551 | D:8      | Found a snail-covered altar of Cheibriados.
  4557 | D:8      | Paralysed by a hornet for 3 turns
  4573 | D:8      | Identified a scroll of acquirement
  4573 | D:8      | Acquired 1198 gold pieces
  4694 | D:8      | Reached skill level 10 in Fighting
  4822 | D:8      | Reached skill level 10 in Armour
  4840 | D:8      | Found a flagged portal.
  4843 | D:8      | Reached **** piety under Trog
  5213 | Bailey   | Entered a bailey
  5237 | Bailey   | Reached XP level 10. HP: 81/94 MP: 9/9
  5286 | Bailey   | HP: 2/94 [spriggan/+0 trident (11)]
  5287 | Bailey   | Mangled by a spriggan

Illustrated notes

Levels and vault maps discovered:
D:1:      psy_arrival_basics, layout_loops_ring, chequers_serial_rivers_small_3,
          nicolae_kite_square_tiling_tiny
D:2:      layout_basic, serial_forest, infiniplex_forest_straight_2,
          infiniplex_forest_corner_1, infiniplex_forest_lined_4_way,
          infiniplex_forest_straight_5, infiniplex_forest_clump_curved,
          infiniplex_forest_clump_tiny, infiniplex_forest_lined_corner,
          infiniplex_forest_lined_room_2, infiniplex_forest_clump_tiny,
          infiniplex_forest_clump_cross
D:3:      layout_basic, serial_shops, shop, grunt_ministairs_6
D:4:      layout_basic, pf_just_have_faith, grunt_ministairs_7, uniq_natasha,
          uniq_edmund, uniq_eustachio
D:5:      layout_rooms, serial_shops, nicolae_shop_crystal
D:6:      layout_loops_ring, serial_glass, glass_columns_b, glass_columns_b,
          glass_columns_b, glass_columns_b, glass_columns_b, feat_on_display,
          minmay_between
D:7:      layout_gridville, nicolae_overflow_squiral,
          minmay_temple_entry_arrows, serial_shops, kennysheep_mini
D:8:      layout_rooms, slow_altar_1, enter_bailey_5, minmay_misc_feat_pillars
Temple:   eino_temple_scatter_basement
Bailey:   bailey_polearm_enchanted_keep_hellmonk, bailey

Skill      XL: |  1  2  3  4  5  6  7  8  9 |
---------------+----------------------------+-----
Fighting       | 4 5 6 7 8 10 | 10.8
Axes           | 4 |  4.4
Armour         | 3 4 5 6 8 10 | 10.4
Polearms       | 2 4 5 7 9 |  9.7
Dodging        | |  2.6

Action                   |  1- 3 |  4- 6 |  7- 9 | 10-12 || total
-------------------------+-------+-------+-------+-------++-------
Melee: Hand axe          |    41 |     2 |       |       ||    43
       Headbutt          |     7 |    11 |    34 |       ||    52
       Spear             |       |    57 |   227 |    13 ||   297
       Punch             |       |       |     3 |       ||     3
Invok: Berserk           |     2 |     3 |     2 |       ||     7
       Trog's Hand       |       |       |       |     1 ||     1
Evoke: Wand              |       |       |     1 |       ||     1
  Use: Scroll            |       |       |    14 |       ||    14
 Stab: Sleeping          |     1 |       |       |       ||     1
Armor: Animal skin       |     2 |       |       |       ||     2
       Chain mail        |     6 |    12 |       |       ||    18
       Scale mail        |       |     6 |    48 |     2 ||    56
Dodge: Dodged            |    20 |    17 |    65 |     3 ||   105
Block: Buckler           |       |       |     9 |     3 ||    12
